 Dungeon Crawl Stone Soup version 0.30.1-4-g462c640d31 (webtiles) character file.

Game seed: 2165489529052251155

116 Diggabert the Twirler (level 5, 0/39 HPs)
             Began as a Human Gladiator on Aug 12, 2023.
             Slain by Robin
             ... wielding a +0 dagger
              (2 damage)
             ... on level 2 of the Dungeon.
             The game lasted 00:02:22 (1404 turns).

Diggabert the Twirler (Human Gladiator)             Turns: 1404, Time: 00:02:23

Health: 0/39       AC:  4    Str: 16    XL:     5   Next: 21%
Magic:  5/5        EV: 13    Int:  8    God:
Gold:   99         SH:  0    Dex: 15    Spells: 4/4 levels left

rFire   . . .        a - +0 quarterstaff
rCold   . . .        (shield currently unavailable)
rNeg    . . .        b - +0 leather armour
rPois   .            c - +0 helmet
rElec   .            (no cloak)
rCorr   .            (no gloves)
SInv    .            (no boots)
Will    .....        (no amulet)
Stlth   +            (no ring)
HPRegen 0.26/turn    (no ring)
MPRegen 0.09/turn

%: no passive effects
@: no status effects
A: no striking features
a: no special abilities


You were on level 2 of the Dungeon.
You visited 1 branch of the dungeon, and saw 2 of its levels.

You collected 99 gold pieces.

Inventory:

Hand Weapons
 a - a +0 quarterstaff (weapon)
 i - a +0 spear
Missiles
 d - 3 throwing nets (quivered)
 e - a javelin
Armour
 b - a +0 leather armour (worn)
 c - a +0 helmet (worn)
Scrolls
 g - a scroll of immolation {unknown}
 h - 2 scrolls of identify {unknown}
 k - a scroll of teleportation {unknown}
 m - a scroll of poison {unknown}
 n - 2 scrolls of fear {unknown}
 o - a scroll of magic mapping {unknown}
Potions
 f - a potion of lignification {unknown}
 j - a potion of curing {unknown}
 l - 2 potions of cancellation {unknown}


   Skills:
 * Level 2.6 Fighting
 * Level 4.0 Staves
 - Level 2.0 Throwing
 * Level 1.9 Armour
 * Level 3.7 Dodging


You had 4 spell levels left.
You didn't know any spells.
Your spell library contained the following spells:

 Spells                   Type           Power      Damage    Failure   Level
 Vhi's Electric Charge    Tloc/Air       0%         N/A       85%         3
 Manifold Assault         Tloc           0%         N/A       99%         4
 Arcjolt                  Conj/Air       0%         1d10      100%        5
 Dispersal                Tloc           0%         N/A       100%        6
 Plasma Beam              Fire/Air       0%         2x1d11    100%        6
 Disjunction              Tloc           0%         N/A       100%        8


Dungeon Overview and Level Annotations

Branches:
Dungeon (2/15)

Altars:

Annotations:
D:2 Robin


Message History

The goblin hits you but does no damage.
Robin roars a battlecry!
The goblins go into a battle-frenzy!
Unknown command.
You barely miss Robin.
Robin is heavily wounded.
The goblin closely misses you. The goblin hits you with a +0 club.
The goblin hits you with a +0 dagger.
* * * LOW HITPOINT WARNING * * *
Unknown command.
Unknown command.
You barely miss Robin.
Robin is heavily wounded.
The goblin hits you but does no damage. The goblin hits you with a +0 club.
* * * LOW HITPOINT WARNING * * *
The goblin closely misses you. Robin hits you with a +0 dagger.
* * * LOW HITPOINT WARNING * * *
Unknown command.
Unknown command.
You closely miss Robin.
Robin is heavily wounded.
The goblin no longer looks unusually strong.
Robin roars a battlecry!
The goblin goes into a battle-frenzy!
The goblin hits you with a +0 dagger.
* * * LOW HITPOINT WARNING * * *
The goblin barely misses you. The goblin closely misses you.
Unknown command.
You hit Robin but do no damage.
Robin is heavily wounded.
The goblin barely misses you. The goblin hits you but does no damage.
The goblin hits you with a +0 dagger.
* * * LOW HITPOINT WARNING * * *
Robin hits you with a +0 dagger.
* * * LOW HITPOINT WARNING * * *
Unknown command.
You hit Robin but do no damage.
Robin is heavily wounded.
Robin hits you with a +0 dagger.
You die...

#...........#.####......# ##
#........<.......'......+ +.
#.....##....#.####......# ##
#.....'.>........#...(..#
#.....##.####.........###
#.....##.####....####.########
#.....##.........# #........#
#####.########.gg# ##.......#
###)### #.g@#####.......#
#.....# ####ggg##....####
##'''## #gg.#####...## ##...##
#............### ##.....##
###..........'.## #.......#
#....(.....#.## #.......#
...........#... #.......#
...############ #.......#
g...# #


You could see Robin, 3 hobgoblins and 4 goblins.

Vanquished Creatures
  2 jellies (D:2)
  3 dart slugs
  12 endoplasms
  A giant cockroach (D:1)
  2 goblins
  2 hobgoblins (D:2)
  2 jackals (D:2)
  8 kobolds
  A quokka (D:1)
  9 ball pythons
  A bat (D:2)
  A frilled lizard (D:2)
  2 rats
46 creatures vanquished.

Notes
Turn   | Place    | Note
-------+----------+-------------------------------------------
     0 | D:1      | Diggabert the Human Gladiator began the quest for the Orb.
     0 | D:1      | Reached XP level 1. HP: 16/16 MP: 1/1
   254 | D:1      | Reached XP level 2. HP: 22/22 MP: 2/2
   461 | D:1      | Reached XP level 3. HP: 25/27 MP: 3/3
  1057 | D:2      | Found a faded altar of an unknown god.
  1212 | D:2      | Reached skill level 1 in Armour
  1215 | D:2      | Reached XP level 4. HP: 28/34 MP: 4/4
  1221 | D:2      | Reached skill level 4 in Staves
  1221 | D:2      | Reached XP level 5. HP: 25/39 MP: 5/5
  1364 | D:2      | Noticed Robin
  1403 | D:2      | HP: 1/39 [Robin/+0 dagger (3)]
  1404 | D:2      | Slain by Robin

Illustrated notes

Levels and vault maps discovered:
D:1:      kennysheep_arrival_forest, layout_basic, kennysheep_doodads,
          minmay_tromino_v4_c
D:2:      cheibrodos_fertilizer, layout_basic,
          shapermc_ecumenical_altar_mp_ritualfount, uniq_robin

Skill      XL: |  1  2  3  4 |
---------------+-------------+-----
Armour         | 1 |  1.9
Staves         | 4 |  4.0
Fighting       | |  2.6
Throwing       | |  2.0
Dodging        | |  3.7

Action                     |  1- 3 |  4- 6 || total
---------------------------+-------+-------++-------
  Melee: Quarterstaff      |    78 |    42 ||   120
   Stab: Sleeping          |     1 |       ||     1
 Armour: Leather armour    |    20 |     8 ||    28
  Dodge: Dodged            |    53 |    23 ||    76
